 Dungeon Crawl Stone Soup version 0.24.1-5-g77f818bfca (webtiles) character file.

Game seed: 4745205153454973414, levelgen mode: deterministic

7186 geumsaeg the Cleaver (level 11, 0/84 (86) HPs)
             Began as a Formicid Fighter on Apr 25, 2020.
             Was a Priest of Qazlal.
             Slain by a wyvern zombie (6 damage)
             ... on level 10 of the Dungeon.
             The game lasted 00:21:28 (10317 turns).

geumsaeg the Cleaver (Formicid Fighter)            Turns: 10317, Time: 00:21:28

HP:   0/84 (86)     AC: 20    Str: 27    XL:     11   Next: 32%
MP:   15/15         EV:  9    Int: 10    God:    Qazlal [***...]
Gold: 392           SH: 15    Dex: 12    Spells: 10/10 levels left

rFire    . . .     SeeInvis +   k - +1 hand axe (freeze)
rCold    . . .     Gourm    .   c - +0 shield
rNeg     . . .     Faith    .   B - +0 plate armour
rPois    .         Spirit   .   (helmet unavailable)
rElec    .         Reflect  .   E - +2 cloak {+Inv}
rCorr    .         Harm     .   (no gloves)
MR       +....                  q - +0 pair of boots
Stlth    ..........             (no amulet)
HPRegen  0.24/turn              w - +3 ring of evasion
MPRegen  0.14/turn              j - +3 ring of strength

@: no status effects
A: permanent stasis, dig shafts and tunnels, four strong arms, antennae 3, thin
metallic scales 1, thin skeletal structure 1, clever 1
a: Dig, Shaft Self, Upheaval, Elemental Force, Renounce Religion, Evoke
Invisibility


You were on level 10 of the Dungeon.
You worshipped Qazlal.
Qazlal was most pleased with you.
You were very hungry.

You visited 2 branches of the dungeon, and saw 11 of its levels.

You collected 392 gold pieces.

Inventory:

Hand Weapons
 a - a +0 war axe
 k - a +1 hand axe of freezing (weapon)
 I - a +0 battleaxe
Missiles
 e - 18 poisoned darts (quivered)
 y - 6 throwing nets
Armour
 c - a +0 shield (worn)
 q - a +0 pair of boots (worn)
 B - a +0 plate armour (worn)
 E - a +2 cloak of invisibility (worn)
Jewellery
 j - a +3 ring of strength (right hand)
 o - an uncursed ring of protection from cold
 w - a +3 ring of evasion (left hand)
 C - an uncursed ring of magical power
 H - an uncursed ring of positive energy
Wands
 b - a wand of random effects (14)
 l - a wand of digging (4)
 s - a wand of paralysis (12)
Scrolls
 g - a scroll of silence {unknown}
 h - a scroll of amnesia
 p - a scroll of fear
 r - 2 scrolls of remove curse
Potions
 d - a potion of might
 i - 2 potions of mutation
 n - 2 potions of agility
 t - 2 potions of resistance
 u - a potion of curing
 v - a potion of flight {unknown}
 x - 2 potions of cancellation
 z - 4 potions of lignification
 A - a potion of magic
Comestibles
 f - 21 rations
 m - 6 chunks of flesh


   Skills:
 + Level 7.8 Fighting
 + Level 11.2 Axes
 + Level 3.8 Throwing
 + Level 8.1 Armour
 + Level 6.6 Shields
 - Level 6.1 Evocations


You had 10 spell levels left.
You didn't know any spells.
Your spell library was empty.

Dungeon Overview and Level Annotations

Branches:
Dungeon (10/15)            Temple (1/1) D:6
   Lair: D:8-11         Orc: D:9-12

Altars:
Ashenzari
Dithmenos
Elyvilon
Fedhas
Gozag
Hepliaklqana
Kikubaaqudgha
Nemelex Xobeh
Okawaru
Qazlal
Ru
Trog
Uskayaw
Wu Jian
Xom
Yredelemnul
The Shining One

Shops:
D:5 !

Annotations:
D:3 3 runed translucent doors, Cunning1Sparkmage's ghost, amateur MfAE
D:4 exclusion: downstairs
D:5 orehx's ghost, novice MiBe
D:6 2 transporters, sneaky's ghost, novice OgWz
D:7 3 runed translucent doors, Rastanax's ghost, novice MiFi
D:9 exclusion: downstairs


Innate Abilities, Weirdness & Mutations

You cannot be hasted, slowed, berserked, paralysed or teleported.
You can dig through walls and to a lower floor.
Your four strong arms can wield two-handed weapons with a shield.
You have a pair of large antennae on your head. (SInv)
You are partially covered in thin metallic scales. (AC +2)
You have a somewhat thin skeletal structure. (Dex +2, Stealth)
Your mind is acute. (Int +2)


Message History

The wyvern zombie is heavily damaged.
You see here 2 arrows.
You block the yak's attack.
The crimson imp blinks!
The crimson imp grins evilly.
The crimson imp blinks!
You block the yak's attack.
You barely miss the wyvern zombie.
The wyvern zombie is heavily damaged.
The wyvern zombie bites you!
* * * LOW HITPOINT WARNING * * *
You hit the wyvern zombie but do no damage.
The wyvern zombie is heavily damaged.
The wyvern zombie bites you.
* * * LOW HITPOINT WARNING * * *
You hit the wyvern zombie.
The wyvern zombie is heavily damaged.
You block the wyvern zombie's attack.
The crimson imp blinks!
Are you sure you want to shaft yourself?
You are feeling very hungry.
The wyvern zombie bites you.
You die...

#...# #.### #.# ###########
#.##################.........#
#............).....+..........
#############.###.##..........
#.§......§(((....#
####.Y##.#..........#
#...@ZY..#.....(.(.).
#...☼#####.######'#..
#..........# #.###
####?#####.## #.... #.#
##.######### #.# ##...{({<{.
#.# #.....(... #.# #.........
#+# #####...(((...


You could see a death yak, a yak and a wyvern zombie.

Vanquished Creatures
  Harold (D:7)
  A two-headed ogre (D:8)
  A death yak (D:9)
  Psyche (D:8)
  A troll (D:9)
  3 hornets (D:9)
  2 hippogriffs (D:7)
  A wyvern (D:9)
  4 yaks
  Edmund (D:6)
  A soldier ant (D:9)
  An orc warrior (D:7)
  2 ice beasts
  A necrophage (D:6)
  2 phantoms
  3 ogres
  6 centaurs
  A big kobold (D:7)
  4 bullfrogs
  2 scorpions
  3 centaur zombies
  An iron imp (D:7)
  A jelly (D:6)
  4 orc priests
  Crazy Yiuf (D:4)
  Natasha (thrice) (D:4)
  4 iguanas
  6 orc wizards
  6 worker ants
  A human simulacrum (D:10)
  2 hound skeletons
  7 gnolls (D:4)
  2 howler monkey skeletons
  A howler monkey zombie (D:5)
  10 adders
  A river rat (D:4)
  2 shadow imps
  An ooze (D:3)
  An adder zombie (D:9)
  3 worms
  2 dart slugs
  6 leopard geckos
  35 orcs
  4 giant cockroaches
  7 goblins
  4 hobgoblins
  3 jackals (D:2)
  15 kobolds
  A quokka (D:3)
  3 ball pythons
  9 bats
  7 frilled lizards
  6 hobgoblin zombies (D:7)
  A kobold skeleton (D:7)
  A kobold zombie (D:7)
  An orc skeleton (D:7)
  4 rats
208 creatures vanquished.

Vanquished Creatures (others)
  A kobold (D:3)
  A frilled lizard (D:3)
2 creatures vanquished.

Grand Total: 210 creatures vanquished

Notes
Turn   | Place    | Note
-------+----------+-------------------------------------------
     0 | D:1      | geumsaeg the Formicid Fighter began the quest for the Orb.
     0 | D:1      | Reached XP level 1. HP: 18/18 MP: 1/1
    12 | D:1      | Found a shimmering altar of Xom.
   119 | D:1      | Reached XP level 2. HP: 24/24 MP: 2/2
   797 | D:2      | Reached XP level 3. HP: 29/29 MP: 3/3
  1034 | D:2      | Reached XP level 4. HP: 35/37 MP: 4/4
  1511 | D:3      | Found a sparkling altar of Nemelex Xobeh.
  1534 | D:3      | Reached skill level 3 in Axes
  1877 | D:3      | Reached XP level 5. HP: 42/42 MP: 5/5
  2209 | D:3      | Noticed Cunning1Sparkmage's ghost (amateur MfAE)
  2209 | D:3      | Noticed a water moccasin
  2214 | D:3      | Found a runed translucent gate.
  2214 | D:3      | Found a runed translucent gate.
  2214 | D:3      | Found a runed translucent gate.
  3203 | D:4      | Noticed Natasha
  3224 | D:4      | Killed Natasha
  3224 | D:4      | Reached XP level 6. HP: 34/48 MP: 6/6
  3323 | D:4      | Noticed Natasha
  3331 | D:4      | Killed Natasha
  3352 | D:4      | Noticed Natasha
  3357 | D:4      | Killed Natasha
  3357 | D:4      | Reached skill level 4 in Axes
  3357 | D:4      | Reached skill level 5 in Shields
  3784 | D:4      | Found a runed translucent door.
  3785 | D:4      | Noticed Crazy Yiuf
  3950 | D:4      | Reached XP level 7. HP: 32/54 MP: 7/7
  4190 | D:4      | Killed Crazy Yiuf
  4466 | D:5      | Entered Level 5 of the Dungeon
  4598 | D:5      | Found Konebum's Distillery.
  4599 | D:5      | Found a runed translucent door.
  4603 | D:5      | Noticed orehx's ghost (novice MiBe)
  4610 | D:5      | Gained mutation: You have a somewhat thin skeletal
                  | structure. (Dex +2, Stealth) [potion of mutation]
  4610 | D:5      | Gained mutation: You are partially covered in thin metallic
                  | scales. (AC +2) [potion of mutation]
  4610 | D:5      | Gained mutation: Your mind is acute. (Int +2) [potion of
                  | mutation]
  4650 | D:5      | Found a runed translucent door.
  4845 | D:5      | Reached skill level 5 in Armour
  4871 | D:5      | Reached skill level 5 in Axes
  4871 | D:5      | Reached skill level 1 in Evocations
  5321 | D:6      | Found a white marble altar of Elyvilon.
  5382 | D:6      | Found a transporter.
  5393 | D:6      | Found a staircase to the Ecumenical Temple.
  5400 | Temple   | Entered the Ecumenical Temple
  5466 | Temple   | Became a worshipper of Qazlal Stormbringer
  5526 | D:6      | Found a blossoming altar of Fedhas.
  5776 | D:6      | Reached XP level 8. HP: 51/59 MP: 9/9
  5981 | D:6      | Noticed Edmund
  6013 | D:6      | Killed Edmund
  6013 | D:6      | Reached skill level 1 in Throwing
  6244 | D:6      | Found a transporter.
  6247 | D:6      | Noticed sneaky's ghost (novice OgWz)
  6248 | D:6      | Identified the +3 great mace "Qini Cedo" {flame, *Contam
                  | +Blink rElec Dex-2}
  6341 | D:6      | Found a shattered altar of Ashenzari.
  6488 | D:7      | Reached skill level 6 in Axes
  6735 | D:7      | Noticed a hippogriff
  6744 | D:7      | Reached skill level 5 in Fighting
  6748 | D:7      | Killed a hippogriff
  6780 | D:7      | Found a runed translucent gate.
  6780 | D:7      | Found a runed translucent gate.
  6781 | D:7      | Found a runed translucent gate.
  6783 | D:7      | Noticed Rastanax's ghost (novice MiFi)
  6805 | D:7      | Reached XP level 9. HP: 64/66 MP: 11/11
  6825 | D:7      | Reached * piety under Qazlal
  6833 | D:7      | Reached skill level 7 in Axes
  6988 | D:7      | Found a glowing golden altar of the Shining One.
  7033 | D:7      | Noticed Harold
  7055 | D:7      | Killed Harold
  7055 | D:7      | Reached skill level 8 in Axes
  7055 | D:7      | Reached skill level 5 in Evocations
  7336 | D:7      | Noticed a hippogriff
  7357 | D:7      | Killed a hippogriff
  7770 | D:8      | Noticed a two-headed ogre
  7791 | D:8      | Killed a two-headed ogre
  7791 | D:8      | Reached skill level 9 in Axes
  7791 | D:8      | Reached XP level 10. HP: 68/74 MP: 14/14
  7910 | D:8      | Noticed Psyche
  7929 | D:8      | Killed Psyche
  8212 | D:8      | Noticed a +0 dagger
  8213 | D:8      | Found a hide-covered altar of Uskayaw.
  8213 | D:8      | Noticed a +0 dagger
  8262 | D:8      | Reached ** piety under Qazlal
  8525 | D:9      | Reached skill level 10 in Axes
  8648 | D:9      | Found a flagged portal.
  9043 | D:9      | Reached XP level 11. HP: 60/82 MP: 15/15
  9873 | D:10     | Entered Level 10 of the Dungeon
  9881 | D:10     | Noticed a death yak
  9883 | D:10     | Noticed a death yak
  9888 | D:10     | Noticed a death yak
  9901 | D:9      | Reached *** piety under Qazlal
  9910 | D:9      | Killed a death yak
  9910 | D:9      | Reached skill level 11 in Axes
 10311 | D:10     | HP: 4/84 [wyvern zombie (3)]
 10317 | D:10     | Slain by a wyvern zombie

Levels and vault maps discovered:
D:1:      dpeg_arrival_windows_large_door, layout_basic, xom_teletrap_fun
D:2:      layout_loops_ring
D:3:      layout_basic, old_standard_altar, gammafunk_ghost_split,
          grunt_ministairs_6, lemuel_old_faithful
D:4:      layout_basic, first_ration, uniq_crazy_yiuf_cottage, uniq_natasha
D:5:      layout_basic, ebering_ghost_sewer_f, serial_shops, shop
D:6:      layout_loops_ring, marbit_many_paths, fedhas_bush_and_centaur_altar,
          minmay_temple_entry_arrows, gammafunk_ghost_smash, elyvilon_altar_5,
          uniq_edmund
D:7:      layout_basic, nicolae_tso_besieged_by_evil,
          gammafunk_ghost_necromancy, uniq_harold
D:8:      layout_loops_cross, dancing_weapons_uskayaw, uniq_psyche
D:9:      layout_long_grid, enter_bailey_2, hangedman_pestilent_swarm
D:10:     layout_basic, dpeg_lair_monsters, bh_circular_ruins
Temple:   eino_temple_scatter_basement

Skill      XL: |  1  2  3  4  5  6  7  8  9 10 11 |
---------------+----------------------------------+-----
Shields        | 4 5 6 |  6.6
Axes           | 3 4 5 6 9 10 11 | 11.2
Armour         | 4 5 6 7 8 |  8.1
Fighting       | 4 5 6 7 |  7.8
Evocations     | 2 3 6 |  6.1
Throwing       | 1 2 3 |  3.8

Action                   |  1- 3 |  4- 6 |  7- 9 | 10-12 || total
-------------------------+-------+-------+-------+-------++-------
Melee: War axe           |    25 |       |       |       ||    25
       Hand axe          |    46 |   257 |   301 |   290 ||   894
       Unarmed           |       |       |     2 |       ||     2
Throw: Dart              |       |       |    30 |     2 ||    32
 Abil: Evoke Invisibilit |       |       |     2 |       ||     2
       Dig               |       |       |       |     1 ||     1
       Shaft Self        |       |       |       |     1 ||     1
  Use: Scroll            |       |       |    17 |     2 ||    19
       Potion            |       |       |     1 |       ||     1
 Stab: Invisible         |       |       |     6 |       ||     6
  Eat: Chunk             |       |    10 |    13 |     8 ||    31
Armor: Scale mail        |    28 |    56 |    47 |    70 ||   201
       Chain mail        |       |    29 |    36 |       ||    65
       Plate armour      |       |       |       |    19 ||    19
Dodge: Dodged            |    17 |    86 |   101 |    73 ||   277
Block: Shield            |    45 |   126 |   163 |   161 ||   495
